 Dungeon Crawl Stone Soup version 0.29.0-15-g675c0067aa (webtiles) character file.

Game seed: 7305989735500717104

11 qw the Sneak (level 2, -1/19 HPs)
             Began as a Gargoyle Delver on Sept 11, 2022.
             Slain by an orc
             ... wielding a +0 whip
              (4 damage)
             ... on level 3 of the Dungeon.
             The game lasted 00:00:05 (112 turns).

qw the Sneak (Gargoyle Delver)                       Turns: 112, Time: 00:00:06

Health: -1/19      AC:  5    Str: 15    XL:     2   Next: 29%
Magic:  2/2        EV: 11    Int: 10    God:
Gold:   0          SH:  0    Dex: 11    Spells: 1/1 levels left

rFire   . . .      SeeInvis .   Y - +0 hand axe
rCold   . . .      Faith    .   (no shield)
rNeg    + . .      Spirit   .   b - +0 leather armour
rPois   inf        Reflect  .   (no helmet)
rElec   +          Harm     .   (no cloak)
rCorr   .          Rampage  .   (no gloves)
Will    .....                   (no boots)
Stlth   +++.......              (no amulet)
HPRegen 0.06/turn               (no ring)
MPRegen 0.08/turn               (no ring)

@: no status effects
A: sickness immunity, AC +2, negative energy resistance 1, electricity
resistance, torment resistance 1, petrification resistance
a: no special abilities


You were on level 3 of the Dungeon.
You visited 1 branch of the dungeon, and saw 3 of its levels.


Innate Abilities, Weirdness & Mutations

You are immune to sickness and miasma.
Your stone body is resilient. (AC +2)
You are immune to poison.
You resist negative energy. (rN+)
You are resistant to electric shocks. (rElec)
You are resistant to unholy torment.
You are immune to petrification.


   Skills:
 - Level 3.2 Fighting
 + Level 2.6 Axes
 - Level 1.5 Dodging
 - Level 5.4 Stealth


You had one spell level left.
You didn't know any spells.
Your spell library was empty.

Inventory:

Hand Weapons
 Y - a +0 hand axe (weapon)
Armour
 b - a +0 leather armour (worn)
Wands
 g - a wand of digging (3)
Potions
 f - a potion of haste

Dungeon Overview and Level Annotations

Branches:
Dungeon (5/15)
 Temple: D:4-7

Altars:
Makhleb


Message History

The kobold barely misses you.
A hobgoblin comes into view. It is wielding a +0 broad axe.
You barely miss the kobold.
The frilled lizard hisses.
The kobold hits you but does no damage.
You miss the frilled lizard. You hit the kobold.
The frilled lizard barely misses you. The kobold hits you but does no damage.
You barely miss the kobold.
The kobold is moderately wounded.
You hit the frilled lizard.
You kill the frilled lizard!
The kobold hits you with a +0 dagger.
You have reached level 2!
You hit the kobold.
You kill the kobold!
You hit the orc but do no damage. The orc hits you but does no damage. x2
You closely miss the orc. Your punch misses the orc. You barely miss the orc.
The orc closely misses you. The orc hits you but does no damage.
You hit the orc.
The orc is almost dead.
You hit the orc. The orc hits you with a +0 morningstar!
Ouch! That really hurt!
The orc misses you.
You closely miss the orc.
The orc is almost dead.
You hit the orc.
You kill the orc!
The orc barely misses you.
You hit the orc.
You kill the orc!
You hit the orc but do no damage. The orc barely misses you.
You hit the orc but do no damage. The orc barely misses you.
You hit the orc.
The orc is moderately wounded.
The orc hits you with a +0 whip.
You die...

##.#####.#
......##.######
.#.##.........#
.>.#####.####.#
.#.......# #.#
.############.####
. #..l.%.# .
#......##.# .
#.##.####@# # #
#.#...)o......
.....##.#.)....
##.. ..#####.. ##
###


You could see an orc.

Vanquished Creatures
  A dart slug (D:4)
  2 orcs (D:3)
  A giant cockroach (D:3)
  A hobgoblin (D:3)
  A frilled lizard (D:3)
  A kobold (D:3)
  A rat (D:3)
8 creatures vanquished.

Notes
Turn   | Place    | Note
-------+----------+-------------------------------------------
     0 | D:5      | qw the Gargoyle Delver began the quest for the Orb.
     0 | D:5      | Reached XP level 1. HP: 14/14 MP: 1/1
     0 | D:5      | 0 ||| qw: Version: 0.1-a-117-gfe26ee0
     0 | D:5      | 0 ||| qw: Game counter: 9943
     0 | D:5      | 0 ||| qw: Always use a shield: true
     0 | D:5      | 0 ||| qw: God list: Okawaru
     0 | D:5      | 0 ||| qw: Allow faded altars: false
     0 | D:5      | 0 ||| qw: Do Orc after D:15 true
     0 | D:5      | 0 ||| qw: Do second Lair branch before Depths: true
     0 | D:5      | 0 ||| qw: Lair rune preference: random
     0 | D:5      | 0 ||| qw: Plans: Normal
     0 | D:5      | 0 ||| PLANNING D:1-11
    14 | D:5      | 14 ||| READING scroll labelled YRROITAMIZ.
    15 | D:5      | 15 ||| DROPPING scroll of fog.
    16 | D:5      | 16 ||| DROPPING scroll of magic mapping.
    17 | D:5      | 17 ||| DROPPING scroll of fear.
    32 | D:4      | Found a burning altar of Makhleb.
    89 | D:3      | 89 ||| Stepping ~*~*~tactically~*~*~ (stealth).
    99 | D:3      | 99 ||| Stepping ~*~*~tactically~*~*~ (stealth).
   100 | D:3      | 100 ||| Stepping ~*~*~tactically~*~*~ (stealth).
   105 | D:3      | Reached XP level 2. HP: 15/19 MP: 2/2
   108 | D:3      | HP: 3/19 [orc/+0 morningstar (12)]
   112 | D:3      | Slain by an orc

Levels and vault maps discovered:
D:3:      layout_loops_cross, gammafunk_temple_overflow_forgotten
D:4:      kennysheep_big_flooded_room, layout_rooms,
          mainiacjoe_overflow_tiny_flanked, chequers_mini_garden
D:5:      layout_rooms, mainiacjoe_overflow_24_doors, uniq_pikel

Skill      XL: |  1 |
---------------+----+-----
Axes           | 2 |  2.6
Fighting       | |  3.2
Dodging        | |  1.5
Stealth        | |  5.4

Action                   || total
-------------------------++-------
Melee: Hand axe          ||    23
  Use: Scroll            ||     1
Armor: Leather armour    ||     6
Dodge: Dodged            ||    13

Table legend:
 A = Non-vault XP
 B = Vault XP
 C = Vault XP percentage of total XP
 D = Non-vault monster count
 E = Vault monster count
 F = Vault count percentage of total count
                 A         B        C        D         E       F
            +---------+---------+-------+---------+---------+-------
      Total |      17 |       0 |   0.0 |       8 |       0 |   0.0
            +---------+---------+-------+---------+---------+-------
        D:3 |      13 |       0 |   0.0 |       7 |       0 |   0.0
        D:4 |       4 |       0 |   0.0 |       1 |       0 |   0.0
            +---------+---------+-------+---------+---------+-------
